 Dungeon Crawl Stone Soup version 0.27-a0-1281-ge233d83751 (webtiles) character file.

Game seed: 2036187771782536962

265891 Glokmah the Unseen (level 20, -3/125 HPs)
             Began as a Tengu Monk on June 14, 2021.
             Was the Champion of Dithmenos.
             Slain by an ironbound frostheart (29 damage)
             ... on level 1 of the Vaults.
             The game lasted 02:44:18 (59664 turns).

Glokmah the Unseen (Tengu Monk)                    Turns: 59664, Time: 02:44:19

Health: -3/125     AC: 15    Str: 18    XL:     20   Next: 8%
Magic:  22/35      EV: 25    Int: 14    God:    Dithmenos [******]
Gold:   1437       SH: 21    Dex: 20    Spells: 6/39 levels left

rFire    + . .     SeeInvis +   a - +8 arc blade {discharge, rElec}
rCold    . . .     Faith    .   q - +3 kite shield {rC+}
rNeg     . . .     Spirit   .   N - +5 robe of Night {Dark Will+ SInv}
rPois    +         Reflect  +   O - +2 hat
rElec    +         Harm     .   A - +2 cloak
rCorr    .         Rampage  .   c - +2 pair of gloves {Dex+3}
Will     +++++                  (boots unavailable) Stlth *+++++++++
                                G - amulet of reflection
HPRegen  0.30/turn              Y - ring of the Seeker {Will+++ EV+4 Str+5 Int-2 Dex-2}
MPRegen  0.24/turn              U - ring of Accord {rPois rF+ rC- Slay+2}

@: frozen, flying quickly and evasively, wreathed by umbra, studying Earth
Magic, slow
A: beak, talons 3, nimble flight
}: 2/15 runes: barnacled, gossamer
a: Renounce Religion, Shadow Step, Shadow Form


You were on level 1 of the Vaults.
You worshipped Dithmenos.
Dithmenos was exalted by your worship.
You visited 7 branches of the dungeon, and saw 33 of its levels.
You also visited: Volcano.

You collected 3957 gold pieces.
You spent 2520 gold pieces at shops.

Inventory:

Hand Weapons
 a - the +8 arc blade (weapon) {discharge, rElec}
   (You found it on level 7 of the Dungeon)

   It insulates you from electricity.
 b - a +1 shortbow of freezing
Missiles
 m - 41 poisoned darts
 o - 12 atropa-tipped darts
 t - 6 throwing nets
 v - 65 boomerangs (quivered)
 I - 2 curare-tipped darts
 J - 18 javelins
 L - 8 silver javelins
Armour
 c - a +2 pair of gloves of dexterity (worn)
 q - a +3 kite shield of cold resistance (worn)
 A - a +2 cloak (worn)
 N - the +5 robe of Night (worn) {Dark Will+ SInv}
   (You found it on level 7 of the Dungeon)

   It lets you see invisible.
   It increases your willpower.
 O - a +2 hat (worn)
Jewellery
 g - an amulet of the acrobat
 j - a +4 ring of slaying
 z - the ring "Rogudd" {Contam rF+ rN+ Str+4 Stlth+}
   (You took it off a deep elf pyromancer on level 10 of the Dungeon)

   [ring of positive energy]

   It affects your strength (+4).
   It protects you from fire.
   It protects you from negative energy.
   It causes magical contamination when unequipped.
   It makes you more stealthy.
 G - an amulet of reflection (around neck)
 K - a ring of wizardry
 U - the ring of Accord (right hand) {rPois rF+ rC- Slay+2}
   (You found it on level 6 of the Lair of Beasts)

   [ring of poison resistance]

   It affects your accuracy and damage with ranged weapons and melee attacks
   (+2).
   It protects you from fire.
   It makes you vulnerable to cold.
   It protects you from poison.
 Y - the ring of the Seeker (left hand) {Will+++ EV+4 Str+5 Int-2 Dex-2}
   (You took it off an ogre mage on level 10 of the Dungeon)

   [ring of evasion]

   It affects your evasion (+4).
   It affects your strength (+5).
   It affects your intelligence (-2).
   It affects your dexterity (-2).
   It greatly increases your willpower.
Wands
 d - a wand of mindburst (19)
 e - a wand of charming (30)
 f - a wand of paralysis (53)
 s - a wand of iceblast (29)
 x - a wand of polymorph (29)
 H - a wand of digging (6)
 Q - a wand of acid (4)
Scrolls
 i - 5 scrolls of fog
 n - 12 scrolls of amnesia
 y - 6 scrolls of teleportation
 E - 3 scrolls of holy word
 F - 5 scrolls of silence
 M - 8 scrolls of fear
 S - 3 scrolls of blinking
 T - 10 scrolls of identify
 V - 2 scrolls of summoning
 W - a scroll of magic mapping
Potions
 h - 7 potions of berserk rage
 k - 5 potions of haste
 l - 8 potions of magic
 p - 3 potions of heal wounds
 r - 3 potions of ambrosia
 u - 7 potions of attraction
 w - 4 potions of mutation
 B - 9 potions of curing
 C - a potion of lignification
 D - 5 potions of might
 P - 3 potions of resistance
 R - 4 potions of invisibility
 X - 2 potions of brilliance
Miscellaneous
 Z - a phantom mirror


   Skills:
 + Level 13.4 Fighting
 - Level 13.4(14.0) Short Blades
 - Level 6.4(10.9) Long Blades
 - Level 5.0 Armour
 - Level 9.0 Dodging
 - Level 16.0 Stealth
 * Level 11.5 Shields
 + Level 10.4 Spellcasting
 * Level 12.3 Conjurations
 - Level 6.1 Hexes
 - Level 5.0 Summonings
 + Level 3.5 Necromancy
 - Level 3.0 Translocations
 - Level 7.0 Ice Magic
 - Level 7.0 Air Magic
 * Level 4.6 Earth Magic
 - Level 2.1 Poison Magic
 - Level 10.0 Invocations


You had 6 spell levels left.
You knew the following spells:

 Your Spells              Type           Power      Damage    Failure   Level
a - Blink                 Tloc           N/A        N/A       7%          2
b - Confusing Touch       Hex            24%        N/A       3%          3
c - Mephitic Cloud        Conj/Pois/Air  27%        N/A       2%          3
d - Summon Lightning Spi  Summ/Air       24%        N/A       13%         4
e - Searing Ray           Conj           82%        3d6       1%          2
f - Ensorcelled Hibernat  Hex/Ice        50%        N/A       1%          2
g - Dazzling Flash        Conj/Hex       66%        N/A       1%          3
h - Borgnjor's Vile Clut  Necr/Erth      9%         N/A       63%         5
i - Apportation           Tloc           30%        N/A       4%          1
j - Orb of Destruction    Conj           20%        9d9       63%         7
k - Magic Dart            Conj           100%       1d8       1%          1

Your spell library contained the following spells:

 Spells                   Type           Power      Damage    Failure   Level
 Corona                   Hex            26%        N/A       1%          1
 Foxfire                  Conj/Fire      96%        2x1d8     1%          1
 Summon Small Mammal      Summ           84%        N/A       1%          1
 Slow                     Hex            24%        N/A       1%          2
 Corpse Rot               Necr/Air       N/A        N/A       2%          2
 Animate Skeleton         Necr           34%        N/A       3%          1
 Pain                     Necr           68%        1d7       3%          1
 Call Imp                 Summ           21%        N/A       3%          2
 Poisonous Vapours        Pois/Air       40%        N/A       3%          2
 Conjure Flame            Conj/Fire      24%        6-21      3%          3
 Tukima's Dance           Hex            24%        N/A       3%          3
 Summon Guardian Golem    Hex/Summ       22%        N/A       4%          3
 Call Canine Familiar     Summ           21%        N/A       6%          3
 Portal Projectile        Hex/Tloc       40%        N/A       7%          3
 Vampiric Draining        Necr           8%         2d7       11%         3
 Sticky Flame             Conj/Fire      24%        2d5       12%         4
 Inner Flame              Hex/Fire       15%        N/A       13%         3
 Cause Fear               Hex            12%        N/A       13%         4
 Summon Ice Beast         Ice/Summ       24%        N/A       13%         4
 Beastly Appendage        Tmut           14%        N/A       16%         1
 Leda's Liquefaction      Hex/Erth       11%        N/A       17%         4
 Wereblood                Tmut           7%         N/A       24%         2
 Spider Form              Tmut/Pois      5%         N/A       30%         3
 Fireball                 Conj/Fire      12%        3d7       34%         5
 Irradiate                Conj/Tmut      12%        3d17      34%         5
 Animate Dead             Necr           8%         N/A       36%         4
 Ice Form                 Ice/Tmut       17%        N/A       36%         4
 Bolt of Magma            Conj/Fire/Erth 11%        4d7       38%         5
 Summon Mana Viper        Hex/Summ       22%        N/A       41%         5
 Conjure Ball Lightning   Conj/Air       17%        3x3d6     41%         6
 Agony                    Necr           17%        N/A       71%         5
 Simulacrum               Ice/Necr       10%        N/A       95%         6
 Death Channel            Necr           8%         N/A       99%         6
 Blade Hands              Tmut           3%         N/A       100%        6
 Statue Form              Tmut/Erth      8%         N/A       100%        6
 Dragon Form              Tmut           3%         N/A       100%        7
 Malign Gateway           Summ/Tloc      9%         N/A       100%        7
 Storm Form               Tmut/Air       8%         N/A       100%        7


Dungeon Overview and Level Annotations

Branches:
Dungeon (15/15)            Temple (1/1) D:4            Lair (6/6) D:8
 Shoals (4/4) Lair:4       Spider (4/4) Lair:2        Slime (0/5) Lair:6
    Orc (2/2) D:9             Elf (0/3) Orc:2        Vaults (1/5) D:14
 Depths (0/5) D:15        Volcano (visited)

Altars:
Ashenzari
Cheibriados
Dithmenos
Elyvilon
Fedhas
Gozag
Hepliaklqana
Kikubaaqudgha
Makhleb
Nemelex Xobeh
Okawaru
Qazlal
Ru
Sif Muna
Trog
Uskayaw
Vehumet
Wu Jian
Xom
Yredelemnul
Zin
The Shining One
Beogh
Jiyva

Shops:
D:8 :*   D:14 (   Orc:2 [![*   Vaults:1 [

Annotations:
Lair:2 exclusion: 2 oklob plants
Lair:4 exclusion: ice statue
Spider:1 Roxanne


Innate Abilities, Weirdness & Mutations

You have a beak for a mouth.
You have claws for feet.
Your magical nature lets you fly swiftly and evasively.


Message History

Dithmenos accepts your kill.
You block the ironbound frostheart's attack.
You hit the ironbound frostheart but do no damage.
Your kick misses the ironbound frostheart.
The ironbound frostheart is lightly wounded.
Your shadow hits the ironbound frostheart with a rapier.
You closely miss the ironbound frostheart.
Your kick misses the ironbound frostheart.
Your peck misses the ironbound frostheart.
The ironbound frostheart is lightly wounded.
You block the ironbound frostheart's attack.
You hit the ironbound frostheart.
The ironbound frostheart is lightly wounded.
Your shadow closely misses the ironbound frostheart.
You puncture the ironbound frostheart!
The ironbound frostheart is heavily wounded.
The ironbound frostheart calls freezing cold from the walls.
The frost grips you!
You are encased in ice.
You puncture the ironbound frostheart!
The arc blade crackles.
The ironbound frostheart is struck by an arc of lightning!
The ironbound frostheart is severely wounded.
You resist.
You are struck by an arc of lightning.
The ironbound frostheart is struck by an arc of lightning.
The ironbound frostheart is severely wounded.
You resist.
You are struck by an arc of lightning.
You claw the ironbound frostheart!
You peck the ironbound frostheart, but do no damage.
The ironbound frostheart is almost dead.
Your shadow hits the ironbound frostheart with a rapier.
The ironbound frostheart calls freezing cold from the walls.
The frost grips you!!
* * * LOW HITPOINT WARNING * * *
You emit a cloud of dark smoke.
Casting: Dazzling Flash (safe; 1% risk of failure)
Confirm with . or Enter, or press ? or * to list all spells.
The ironbound frostheart touches you!
* * * LOW HITPOINT WARNING * * *
The ironbound frostheart freezes you!!
You die...

..#[..#####.§.# #..>.... .
#...#...#'#'# ##...#..
#...'...'.#..# ##.###.
#...#...###..# #...#.. #...#####
#### ##..... #.JJ# ##.#.. #.J.#
####.
#########...####################'
..........J...§J@§...............
..............§p.§...............
...............§§................
##'######...#####################
..[...# #...# ####### ......#
#...############# #...... ......#
#...'...........# #...... ......#
#...#.#.#.#.#.#.# #...... ......#
#...#..)........# #......


You could see a slime creature and an ironbound frostheart.

Vanquished Creatures
  Arachne (Spider:1)
  Jorgrun (Shoals:3)
  Kirke (Shoals:4)
  A fire giant (Vaults:1)
  A shadow dragon (Vaults:1)
  An orc warlord (Orc:2)
  Louise (Spider:2)
  Aizul (Spider:2)
  11 emperor scorpions
  5 ghost moths (Spider:4)
  2 ironbound preservers (Vaults:1)
  Nessos (D:14)
  A deep elf annihilator (Vaults:1)
  4 entropy weavers
  2 spark wasps
  A dire elephant (Vaults:1)
  The ghost of crabbyslav the Tainter, a journeyman DsVM of Vehumet (Lair:4)
  A merfolk javelineer (Shoals:4)
  2 yaktaur captains (Vaults:1)
  4 merfolk impalers
  A great orb of eyes (Vaults:1)
  A deep elf high priest (Vaults:1)
  5 vault guards
  9 hydras
  4 boulder beetles
  An ironbound thunderhulk (Vaults:1)
  2 ironbound frosthearts (Vaults:1)
  4 ogre magi
  A death knight (D:14)
  3 centaur warriors
  5 catoblepae
  A merfolk avatar (Shoals:4)
  21 death yaks
  5 merfolk aquamancers (Shoals:4)
  11 two-headed ogres
  2 alligator snapping turtles (Shoals:4)
  3 satyrs
  5 orc high priests (Orc:2)
  2 ironbound beastmasters (Vaults:1)
  3 tengu warriors
  A hell knight (Volcano)
  A titan skeleton (D:15)
  7 skeletal warriors (D:15)
  18 sea snakes
  A deep elf archer (D:14)
  A glowing orange brain (Vaults:1)
  A golden dragon zombie (D:15)
  A phantasmal warrior (Vaults:1)
  A flayed ghost (D:15)
  5 deep elf pyromancers
  An ironbound convoker (Vaults:1)
  18 orb spiders
  6 orc knights
  2 lindwurms (Vaults:1)
  18 harpies
  An orc sorcerer (D:14)
  12 ugly things
  A harpy (shapeshifter) (D:10)
  A necromancer (D:15)
  11 fauns
  37 wolf spiders
  A stone giant zombie (D:15)
  28 manticores
  6 moths of wrath
  16 elephants
  2 vault sentinels (Vaults:1)
  8 merfolk sirens
  6 cyclopes
  A smoke demon (Volcano)
  7 black mambas
  5 water nymphs
  2 molten gargoyles (Volcano)
  3 gargoyles
  5 torpor snails
  18 cane toads
  5 rime drakes
  6 demonic crawlers
  3 unseen horrors
  4 freezing wraiths
  8 komodo dragons
  9 yaktaurs
  A red devil (Volcano)
  18 hornets
  10 trolls
  3 meliai (D:13)
  6 wind drakes
  32 jumping spiders
  Prince Ribbit (D:8)
  4 polar bears (Lair:4)
  23 merfolk
  14 slime creatures
  A nameless horror (Spider:2)
  A spriggan zombie (D:15)
  21 blink frogs
  A meliai zombie (D:10)
  8 snapping turtles
  13 dream sheep
  4 shadows
  10 water elementals
  77 redbacks
  44 tarantellas
  3 wraiths
  6 wyverns
  5 spriggans (Lair:4)
  35 yaks
  3 vampires
  2 basilisks
  2 fire bats (Volcano)
  A human (D:14)
  A steam dragon (D:10)
  3 hogs (Shoals:4)
  3 wargs
  3 acid dragons
  14 water moccasins
  3 hell hounds
  7 ice beasts
  A swamp drake (D:9)
  A hornet zombie (D:8)
  A black bear (D:6)
  33 orc warriors
  2 sky beasts
  4 boggarts (D:15)
  12 ogres
  21 centaurs
  2 necrophages
  45 wolves
  2 kobold brigands
  A phantom (D:5)
  9 bullfrogs
  A gnoll sergeant (D:9)
  12 scorpions
  A water moccasin zombie (D:6)
  5 killer bees
  2 electric eels
  15 wights
  11 howler monkeys
  7 lava snakes (Volcano)
  6 hounds
  3 jellies (D:6)
  29 orc priests
  9 centaur zombies
  A bullfrog zombie (D:5)
  A centaur skeleton (D:5)
  3 iguanas (D:6)
  19 orc wizards
  A hell rat (D:8)
  A killer bee zombie (D:8)
  7 gnolls
  A howler monkey skeleton (D:7)
  8 adders
  5 white imps
  An adder skeleton (D:4)
  A worm (Lair:2)
  76 orcs
  9 ball pythons
  8 bats
  7 endoplasms
  6 giant cockroaches
  8 goblins
  9 hobgoblins
  2 quokkas (D:2)
  11 frilled lizards (D:1)
  15 kobolds
  4 rats
1242 creatures vanquished.

Vanquished Creatures (collateral kills)
  A two-headed ogre (Orc:2)
  A death yak (Lair:3)
  An orb spider (Spider:1)
  A merfolk siren (Shoals:4)
  A snapping turtle (Shoals:4)
  A redback (Spider:1)
  A yak (Lair:3)
  An orc wizard (Orc:2)
  5 orcs (Orc:2)
13 creatures vanquished.

Vanquished Creatures (others)
  An orb spider (Spider:2)
  A manticore (Shoals:4)
  A demonic crawler (Spider:1)
  Grum (D:8)
  A bush (Lair:3)
  35 fungi
  119 plants
  8 withered plants (D:15)
167 creatures vanquished.

Grand Total: 1422 creatures vanquished

Notes
Turn   | Place    | Note
-------+----------+-------------------------------------------
     0 | D:1      | Glokmah the Tengu Monk began the quest for the Orb.
     0 | D:1      | Reached XP level 1. HP: 14/14 MP: 2/2
   109 | D:1      | Reached XP level 2. HP: 4/19 MP: 3/3
   978 | D:1      | Reached XP level 3. HP: 22/23 MP: 4/4
  1072 | D:1      | Learned a level 2 spell: Blink
  1871 | D:2      | Reached skill level 1 in Short Blades
  2092 | D:2      | Reached XP level 4. HP: 28/28 MP: 5/5
  2444 | D:2      | Reached skill level 3 in Stealth
  2767 | D:3      | Found a faded altar of an unknown god.
  3103 | D:3      | Gained mutation: Your magical nature lets you fly swiftly
                  | and evasively. [Tengu growth]
  3103 | D:3      | Reached XP level 5. HP: 31/33 MP: 6/6
  4034 | D:4      | Noticed an ogre
  4056 | D:4      | Killed an ogre
  4057 | D:4      | Reached skill level 4 in Stealth
  4057 | D:4      | Reached XP level 6. HP: 35/38 MP: 7/7
  4278 | D:4      | Found a staircase to the Ecumenical Temple.
  4375 | Temple   | Entered the Ecumenical Temple
  4516 | Temple   | Became a worshipper of Dithmenos the Shadowed
  4516 | Temple   | Reached * piety under Dithmenos
  4516 | Temple   | Reached ** piety under Dithmenos
  4849 | D:5      | Entered Level 5 of the Dungeon
  4878 | D:5      | Reached XP level 7. HP: 43/43 MP: 8/8
  5021 | D:5      | Reached skill level 5 in Stealth
  5142 | D:5      | Reached skill level 5 in Long Blades
  5155 | D:5      | Reached skill level 5 in Dodging
  5155 | D:5      | Reached XP level 8. HP: 48/48 MP: 9/9
  5444 | D:5      | Reached skill level 6 in Stealth
  6110 | D:6      | Reached skill level 5 in Short Blades
  6178 | D:6      | Reached skill level 5 in Fighting
  6307 | D:6      | Identified the +7 whip "Uxakhloy" {flame, +Rage Str+2}
  6341 | D:6      | Reached XP level 9. HP: 54/54 MP: 10/10
  6361 | D:6      | Reached skill level 7 in Stealth
  6796 | D:6      | Reached *** piety under Dithmenos
  7305 | D:6      | Noticed a komodo dragon
  7311 | D:6      | Killed a komodo dragon
  7664 | D:7      | Reached skill level 1 in Spellcasting
  7723 | D:7      | Identified the Papyrus of Attacks
  7754 | D:7      | Found the +8 arc blade {discharge, rElec}
  7939 | D:7      | Reached skill level 8 in Stealth
  8210 | D:7      | Reached XP level 10. HP: 60/60 MP: 13/13
  8249 | D:7      | Reached skill level 1 in Translocations
  8265 | D:7      | Found the +5 robe of Night {Dark Will+ SInv}
  8408 | D:8      | Noticed Prince Ribbit
  8411 | D:8      | Killed Prince Ribbit
  8412 | D:8      | Found a stormy altar of Qazlal.
  8465 | D:8      | Noticed a death yak
  8467 | D:8      | Found a staircase to the Lair.
  8467 | D:8      | Noticed a death yak
  8467 | D:8      | Noticed a death yak
  8536 | D:8      | Found Niedad's Assorted Antiques.
  8551 | D:8      | Reached skill level 9 in Stealth
  8655 | D:8      | Bought an embroidered hat for 210 gold pieces
  8674 | D:8      | Killed Grum
  8704 | D:8      | Found Pilits's Book Shoppe.
  8883 | D:8      | Reached **** piety under Dithmenos
  9153 | D:8      | You are sucked into a shaft and drop 1 floor!
  9183 | D:9      | Noticed a two-headed ogre
  9796 | D:7      | Killed a death yak
  9797 | D:7      | Reached XP level 11. HP: 52/66 MP: 15/17
 10033 | D:8      | Killed a death yak
 10573 | D:8      | Killed a death yak
 10574 | D:8      | Reached skill level 10 in Stealth
 10632 | D:8      | Learned a level 1 spell: Magic Dart
 10636 | D:8      | Learned a level 3 spell: Mephitic Cloud
 10637 | Lair:1   | Entered Level 1 of the Lair of Beasts
 11026 | Lair:1   | Reached skill level 1 in Conjurations
 11235 | Lair:1   | Reached skill level 1 in Air Magic
 11739 | Lair:2   | Reached skill level 10 in Short Blades
 11825 | Lair:2   | Found a hole to the Spider Nest.
 12123 | Lair:2   | Noticed a four-headed hydra
 12126 | Lair:2   | Killed a four-headed hydra
 12127 | Lair:2   | Reached skill level 11 in Stealth
 12127 | Lair:2   | Reached XP level 12. HP: 68/73 MP: 14/19
 12844 | Lair:2   | Learned a level 4 spell: Summon Lightning Spire
 12891 | Lair:3   | Noticed a death yak
 12891 | Lair:3   | Noticed a death yak
 12894 | Lair:3   | Noticed a death yak
 12914 | Lair:3   | Killed a death yak
 12916 | Lair:3   | Noticed a death yak
 13128 | Lair:3   | Reached skill level 5 in Spellcasting
 13135 | Lair:3   | Reached skill level 5 in Conjurations
 13193 | Lair:3   | Noticed a death yak
 13218 | Lair:3   | Found a dark tunnel.
 13228 | Volcano  | Entered a volcano
 13601 | Volcano  | Learned a level 2 spell: Searing Ray
 13956 | Volcano  | Found a radiant altar of Vehumet.
 13959 | Volcano  | Reached skill level 5 in Air Magic
 13963 | Volcano  | Reached skill level 1 in Summonings
 14009 | Volcano  | Noticed a hell knight
 14017 | Volcano  | Killed a hell knight
 14435 | Lair:3   | Reached skill level 12 in Stealth
 14705 | Lair:3   | Killed a death yak
 14717 | Lair:3   | Killed a death yak
 14718 | Lair:3   | Reached XP level 13. HP: 47/79 MP: 16/22
 14723 | Lair:3   | Reached skill level 1 in Poison Magic
 15850 | D:8      | Bought a book of Maledictions for 300 gold pieces
 15853 | D:8      | Learned a level 2 spell: Ensorcelled Hibernation
 15973 | Lair:4   | Reached ***** piety under Dithmenos
 16209 | Lair:4   | Identified the +1 leather armour of Parlour Games {*Corrode
                  | Will++}
 16210 | Lair:4   | Found a transporter.
 16223 | Lair:4   | Found a transporter.
 16234 | Lair:4   | Noticed crabbyslav's ghost (journeyman DsVM)
 16426 | Lair:4   | Found a staircase to the Shoals.
 16445 | Lair:4   | Reached skill level 1 in Armour
 17847 | Lair:5   | Reached skill level 13 in Stealth
 17861 | Lair:5   | Reached XP level 14. HP: 59/86 MP: 11/24
 18552 | Lair:6   | Entered Level 6 of the Lair of Beasts
 18572 | Lair:6   | Reached skill level 5 in Summonings
 18598 | Lair:6   | Reached skill level 1 in Invocations
 18617 | Lair:6   | Reached ****** piety under Dithmenos
 19111 | Lair:6   | Identified the ring of Accord {rPois rF+ rC- Slay+2}
 19353 | Lair:6   | Found a staircase to the Slime Pits.
 19353 | Lair:6   | Found a viscous altar of Jiyva.
 19371 | Lair:6   | Identified the +8 hunting sling "Pibojeuh" {vorpal, rElec
                  | rC- SInv}
 20440 | Lair:6   | Reached skill level 14 in Stealth
 20660 | Lair:6   | Reached skill level 10 in Fighting
 20660 | Lair:6   | Reached skill level 5 in Armour
 21540 | D:9      | Reached XP level 15. HP: 92/92 MP: 27/27
 21555 | D:9      | Found a staircase to the Orcish Mines.
 22083 | D:9      | Learned a level 3 spell: Dazzling Flash
 22331 | Orc:1    | Entered Level 1 of the Orcish Mines
 22862 | Orc:2    | Entered Level 2 of the Orcish Mines
 22880 | Orc:2    | Reached skill level 1 in Hexes
 22921 | Orc:2    | Reached skill level 1 in Ice Magic
 23192 | Orc:2    | Found a bloodstained altar of Trog.
 23215 | Orc:2    | Found a staircase to the Elven Halls.
 23447 | Orc:2    | Noticed an orc warlord
 23459 | Orc:2    | Killed an orc warlord
 23923 | Orc:2    | Found Ofeyho's Armour Boutique.
 24690 | Orc:2    | Found Zeyd's General Store.
 24691 | Orc:2    | Found Lorougu's Antique Armour Boutique.
 24691 | Orc:2    | Found Penleytosy's Distillery.
 25492 | D:8      | Bought a manual of Earth Magic for 1324 gold pieces
 25498 | D:8      | Learned a level 5 spell: Borgnjor's Vile Clutch
 25545 | D:10     | Entered Level 10 of the Dungeon
 25840 | D:10     | Learned a level 1 spell: Apportation
 26407 | D:10     | Reached skill level 1 in Earth Magic
 26736 | D:10     | Identified the ring of the Seeker {Will+++ EV+4 Str+5 Int-2
                  | Dex-2}
 26998 | D:10     | Identified the amulet "Xioreh" {Reflect -Cast rPois rF++
                  | SH+5}
 27026 | D:10     | Identified the ring "Rogudd" {Contam rF+ rN+ Str+4 Stlth+}
 27062 | D:10     | Identified the amulet "Pomp" {Faith +Blink}
 27490 | D:11     | Found an opulent altar of Gozag.
 28861 | D:13     | Reached XP level 16. HP: 98/98 MP: 29/29
 28928 | D:13     | Reached skill level 15 in Stealth
 29403 | D:13     | You are sucked into a shaft and drop 1 floor!
 29926 | D:14     | Found a gate to the Vaults.
 30294 | D:14     | Found Wid Quy's Antique Weapon Shop.
 30326 | D:14     | You are sucked into a shaft and drop 1 floor!
 30326 | D:15     | Entered Level 15 of the Dungeon
 30326 | D:15     | Found a staircase to the Depths.
 30509 | D:15     | Found a sparkling altar of Nemelex Xobeh.
 30572 | D:15     | Reached skill level 5 in Invocations
 31366 | D:14     | Noticed Nessos
 31368 | D:14     | Killed Nessos
 31805 | D:15     | Reached skill level 10 in Conjurations
 32219 | D:15     | Found a radiant altar of Vehumet.
 32676 | Lair:4   | Found a bloodstained altar of Trog.
 32682 | Lair:4   | Killed crabbyslav's ghost
 33154 | D:15     | Reached skill level 1 in Shields
 34318 | Shoals:1 | Entered Level 1 of the Shoals
 34490 | Shoals:1 | Reached XP level 17. HP: 104/104 MP: 29/31
 35726 | Shoals:1 | Reached skill level 16 in Stealth
 35776 | Shoals:1 | Learned a level 7 spell: Orb of Destruction
 37618 | Shoals:3 | Noticed Jorgrun
 37916 | Shoals:3 | Reached skill level 5 in Shields
 38261 | Shoals:3 | Reached skill level 1 in Necromancy
 38479 | Shoals:3 | Killed Jorgrun
 38712 | Shoals:3 | Learned a level 3 spell: Confusing Touch
 39249 | Shoals:4 | Entered Level 4 of the Shoals
 41691 | Shoals:4 | Noticed Kirke
 41702 | Shoals:4 | Killed Kirke
 41703 | Shoals:4 | Reached XP level 18. HP: 110/112 MP: 27/32
 42018 | Shoals:4 | Got a barnacled rune of Zot
 44062 | Spider:1 | Entered Level 1 of the Spider Nest
 45172 | Spider:1 | Noticed Roxanne
 46816 | Spider:2 | Noticed Aizul
 46818 | Spider:2 | Killed Aizul
 47384 | Spider:2 | Reached skill level 5 in Ice Magic
 47515 | Spider:2 | Noticed Arachne
 48219 | Spider:1 | Killed Arachne
 49240 | Spider:2 | Noticed Louise
 49773 | Spider:1 | Reached skill level 5 in Hexes
 50123 | Spider:2 | Killed Louise
 50168 | Spider:2 | Reached XP level 19. HP: 118/118 MP: 33/33
 51217 | Spider:3 | Identified a scroll of acquirement
 51220 | Spider:3 | Acquired the Collected Works on Supportive Weightlessness
 51367 | Spider:4 | Entered Level 4 of the Spider Nest
 51385 | Spider:4 | Reached skill level 10 in Shields
 53962 | Spider:4 | Reached skill level 10 in Invocations
 54066 | Spider:4 | Reached skill level 10 in Spellcasting
 56006 | Spider:4 | Got a gossamer rune of Zot
 57031 | Vaults:1 | Entered Level 1 of the Vaults
 57694 | Orc:2    | Bought 2 potions of heal wounds for 140 gold pieces
 57694 | Orc:2    | Bought a potion of curing for 42 gold pieces
 57694 | Orc:2    | Bought a potion of heal wounds for 70 gold pieces
 57701 | Orc:2    | Bought 2 potions of invisibility for 224 gold pieces
 58744 | Vaults:1 | Found Sonack's Antique Armour Shop.
 58750 | Vaults:1 | Bought a pair of embroidered gloves for 210 gold pieces
 58852 | Vaults:1 | Reached XP level 20. HP: 57/124 MP: 26/35
 59664 | Vaults:1 | Slain by an ironbound frostheart

Illustrated notes

Levels and vault maps discovered:
D:1:      scummos_arrival_hexagon, layout_loops_corners, minmay_misc_feat_x,
          minmay_lizard_pond
D:2:      cheibrodos_greedy_goblins, layout_basic
D:3:      layout_rooms, shapermc_ecumenical_altar_mp_highgroup
D:4:      layout_cave_pools, minmay_temple_entry_drinking_statues
D:5:      layout_loops_ring, chequers_serial_rivers_micro_e,
          minmay_fractal_squares_diagonal_5
D:6:      minmay_polygon_palace, layout_loops_ring, minivault_5,
          kennysheep_generic_room_14
D:7:      layout_loops_ring, hellmonk_guarded_unrand_night
D:8:      layout_basic, nicolae_qazlal_scattered_showers, dpeg_lair_monsters,
          serial_shops, shop, kennysheep_small_square, uniq_grum,
          uniq_prince_ribbit1
D:9:      layout_stronghold, erik_orc_1
D:10:     minmay_the_grid_triangle_9x9_rhombus_thin_mashed
          [minmay_the_grid_triangle_9x9_steps,
          minmay_the_grid_triangle_9x9_prize_special,
          minmay_the_grid_triangle_9x9_intruding_spiral,
          minmay_the_grid_triangle_9x9_thin_v], layout_basic
D:11:     layout_long_grid, small_chamber_with_monster, grunt_gozag_statues
D:12:     layout_rooms
D:13:     layout_basic, grunt_ministairs_1, serial_bayou_pond_b,
          corexii_checkpoint_b, dk_noncrumbling_2, nicolae_lava_and_water
D:14:     layout_grid_maze, grunt_vaults_entry_fortified, serial_shops,
          kennysheep_mini, minmay_misc_feat_iff, uniq_nessos
D:15:     gammafunk_depths_entry_grave, layout_loops_ring, vehumet_crystals,
          nemelex_spade_bored_becter
Temple:   kilobyte_greek_temple
Lair:1:   layout_long_grid, grunt_megastairs_3
Lair:2:   layout_chaotic_city, nicolae_spider_entry_non_spiders,
          infiniplex_staircase_pool_2, minmay_lair_oklob_chamber
Lair:3:   layout_regular_city, enter_volcano_3, gauntlet_entry_generic
Lair:4:   layout_misc_corridors, shoals_dummy_entry,
          gammafunk_ghost_wrathful_warriors, ice2_lemuel, lemuel_fruit_tree
Lair:5:   layout_gridlike, grunt_forest_large_clearings
Lair:6:   evilmike_catoblepas_cave, layout_cave_pods, slime_altar_1,
          grunt_megastairs_1, serial_bayou_shore_a, infiniplex_staircase_pool
Shoals:1: layout_shoals
Shoals:2: layout_shoals
Shoals:3: layout_shoals, uniq_jorgrun
Shoals:4: shoals_end_simple, layout_shoals, uniq_kirke
Spider:1: spiders_nest_scorpion_pit, uniq_roxanne
Spider:2: layout_spider_delve, uniq_arachne, uniq_aizul, uniq_louise
Spider:3: layout_spider_delve
Spider:4: johnstein_spider_rune_arachne_lair, spiders_nest_spider_trap
Orc:1:    layout_caves, mines2_david
Orc:2:    st_orc_pillars, layout_diamond_mine, basic_altar
Vaults:1: ontoclasm_vaults_shuriken, v_alt_pattern_1, v_rooms_6,
          nicolae_vaults_circle_grid_b, v_misc_12, nicolae_vaults_circle_grid_a,
          hangedman_vaults_trim, grunt_vaults_trifunnel,
          vaults_room_grunt_arrival_checkpoint, hangedman_vaults_pinch,
          nicolae_vaults_little_squares_6, nicolae_vaults_little_squares_3,
          grunt_vaults_focal, dpeg_vaults_waves, vaults_room_hallway,
          layout_vaults_big_cross, serial_shops, nicolae_shop_waterfront

Skill      XL: |  1  2  3  4  5  6  7  8  9 10 11 12 13 14 15 16 17 18 19 20 |
---------------+-------------------------------------------------------------+-----
Short Blades   | 1 2 3 4 5 7 9 10 11 12 13 | 13.4
Stealth        | 3 4 5 6 8 9 11 12 13 14 15 16 | 16.0
Long Blades    | 4 5 6 |  6.4
Dodging        | 4 5 6 7 8 9 |  9.0
Fighting       | 4 5 6 7 8 9 10 11 12 13 | 13.4
Spellcasting   | 1 3 4 5 6 7 8 9 10 | 10.4
Translocations | 2 3 |  3.0
Conjurations   | 3 6 7 8 9 10 11 12 | 12.3
Air Magic      | 3 5 7 |  7.0
Summonings     | 2 4 5 |  5.0
Poison Magic   | 2 |  2.1
Armour         | 2 5 |  5.0
Invocations    | 3 4 5 8 9 10 | 10.0
Hexes          | 3 4 5 6 |  6.1
Ice Magic      | 2 4 5 6 7 |  7.0
Earth Magic    | 2 3 4 |  4.6
Shields        | 2 6 9 11 | 11.5
Necromancy     | 3 |  3.5

Action                   |  1- 3 |  4- 6 |  7- 9 | 10-12 | 13-15 | 16-18 | 19-21 || total
-------------------------+-------+-------+-------+-------+-------+-------+-------++-------
Melee: Falchion          |    35 |       |    11 |       |       |       |       ||    46
       Kick              |    17 |    17 |    53 |    92 |   229 |   327 |   172 ||   907
       Peck              |     7 |     8 |    34 |    55 |   156 |   212 |    91 ||   563
       Dagger            |    44 |    61 |   111 |       |       |       |       ||   216
       Rapier            |       |       |    19 |   245 |   780 |  1002 |   465 ||  2511
       Whip              |       |       |     8 |       |       |       |       ||     8
 Fire: Shortbow          |       |       |       |     3 |       |       |       ||     3
Throw: Dart              |       |    26 |     6 |    41 |       |       |       ||    73
       Stone             |       |     2 |       |     3 |       |       |       ||     5
       Boomerang         |       |       |    13 |     6 |       |       |       ||    19
       Javelin           |       |       |       |     2 |       |       |       ||     2
 Cast: Summon Lightning  |       |       |       |     1 |    17 |    16 |       ||    34
       Mephitic Cloud    |       |       |       |     1 |    25 |    27 |     2 ||    55
       Magic Dart        |       |       |       |     1 |     8 |       |       ||     9
       Blink             |       |       |       |     1 |     4 |    19 |     4 ||    28
       Ensorcelled Hiber |       |       |       |       |    10 |   154 |    69 ||   233
       Dazzling Flash    |       |       |       |       |     6 |    92 |    38 ||   136
       Searing Ray       |       |       |       |       |     2 |     7 |     1 ||    10
       Confusing Touch   |       |       |       |       |       |     8 |     2 ||    10
       Orb of Destructio |       |       |       |       |       |     1 |       ||     1
Invok: Shadow Step       |       |       |     1 |     1 |       |     2 |     1 ||     5
       Shadow Form       |       |       |       |       |       |     1 |     2 ||     3
 Abil: End Transformatio |       |       |       |       |       |     1 |     1 ||     2
Evoke: Wand              |       |       |       |     1 |       |       |       ||     1
  Use: Scroll            |       |     8 |     3 |    13 |     8 |     7 |     3 ||    42
       Potion            |       |       |       |       |       |     9 |     4 ||    13
 Stab: Sleeping          |     8 |     5 |    19 |    30 |   102 |   143 |    52 ||   359
       Distracted        |       |       |     2 |     7 |    12 |    14 |     7 ||    42
       Confused          |       |       |       |       |    18 |    13 |     3 ||    34
       Invisible         |       |       |       |       |       |    33 |     9 ||    42
       Held in net/web   |       |       |       |       |       |     2 |       ||     2
Armor: Robe              |     6 |       |     3 |    21 |    63 |   141 |    82 ||   316
       Leather armour    |     7 |     7 |    14 |       |       |       |       ||    28
Dodge: Dodged            |    45 |    31 |   102 |   147 |   492 |   754 |   418 ||  1989
Block: Kite shield       |       |       |       |       |       |   624 |   405 ||  1029
       Reflection        |       |       |       |       |       |    24 |     4 ||    28
       Other             |       |       |       |       |       |     1 |       ||     1
       Rpst.: Falchion   |     4 |       |     2 |       |       |       |       ||     6

Table legend: (Time is in decaauts)
 A = Elapsed time spent in this place.
 B = Non-inter-level travel time spent in this place.
 C = Inter-level travel time spent in this place.
 D = Time resting spent in this place.
 E = Time spent auto-exploring this place.
 F = Levels seen in this place.
 G = Mean time per level.
                   A        B        C        D        E       F      G
               +--------+--------+--------+--------+--------+-----+--------+
         Total |  55846 |  51199 |   4647 |  19308 |  20640 |  34 | 1642.5 |
       Dungeon |  19518 |  17468 |   2050 |   4136 |   9357 |  15 | 1301.2 |
        Temple |    164 |    125 |     39 |      0 |    121 |   1 |  164.0 |
          Lair |  10229 |   9109 |   1120 |   3250 |   3990 |   6 | 1704.8 |
        Shoals |   9112 |   8658 |    454 |   4059 |   2873 |   4 | 2278.0 |
   Spider Nest |  11216 |  10694 |    522 |   6016 |   2530 |   4 | 2804.0 |
  Orcish Mines |   2962 |   2505 |    457 |    685 |   1185 |   2 | 1481.0 |
        Vaults |   1742 |   1740 |      2 |    723 |    546 |   1 | 1742.0 |
       Volcano |    900 |    900 |      0 |    436 |     35 |   1 |  900.0 |
               +--------+--------+--------+--------+--------+-----+--------+

Top non-repeatable levels by time:
Spider:1: 4167 daAuts
Spider:3: 3508 daAuts
Shoals:3: 2994 daAuts
  Lair:2: 2636 daAuts
    D:14: 2473 daAuts
Shoals:4: 2456 daAuts
Spider:4: 2348 daAuts
Shoals:2: 2088 daAuts
   Orc:2: 1939 daAuts
  Lair:6: 1849 daAuts
  Lair:4: 1806 daAuts
     D:9: 1784 daAuts
     D:8: 1783 daAuts
  Lair:3: 1761 daAuts
Vaults:1: 1742 daAuts
